AoeStats
← Hello World

Arena

509522184Analyzed
4v4 RM · 6d ago on Sep 27, 2026· 34m 29s· 8 players
Game mode
Random Map
Map size
Large (8 player)
Population
200
Speed
Normal
Resources
Standard
Victory
Conquest
Starting age
Dark Age
Ending age
Imperial Age
RankedLock teamsTeams togetherTeam positionsShared explorationLock speedFull tech treeHidden civsTurbo modeCheats
Victory
Defeat
🇦🇷 Muisca · Argentina
1149
+15
🇨🇳 Cumans · China
1125
+16
🇦🇷 Teutons · Argentina
1122
+16
🇦🇷 Vikings · Argentina
1077
+18
🇨🇳 Spanish · China
1150
-24
🇮🇳 Persians · India
1144
-17
🇺🇸 Koreans · United States
1119
-16
🇺🇸 Burgundians · United States
1104
-15
Joaquin_AoE
11:14 Feudal Age
16:51 Castle Age
16:42 Double-Bit Axe
16:41 Horse Collar
Capiango2.0
13:33 Feudal Age
17:30 Castle Age
16:50 Double-Bit Axe
16:45 Horse Collar
17:07 Scale Mail Armor
18:15 Squires
18:29 Bow Saw
18:19 Heavy Plow
18:36 Chain Mail Armor
27:38 Forging
34:02 Iron Casting
清纯帝
10:27 Feudal Age
10:37 Man-at-Arms
29:23 Castle Age
27:33 Loom
DT.Bilardo
10:55 Feudal Age
15:24 Castle Age
13:33 Horse Collar
13:55 Double-Bit Axe
16:19 Forging
17:02 Bloodlines
23:43 Bow Saw
28:30 Wheelbarrow
28:15 Scale Barding Armor
31:17 Fortified Wall
34:20 Imperial Age
34:00 Chain Barding Armor
35:23 Iron Casting
Hello World
5:39 Double-Bit Axe
11:59 Feudal Age
11:33 Gold Mining
11:45 Horse Collar
16:18 Castle Age
15:03 Bow Saw
16:57 Forging
21:15 Cavalier
24:28 Loom
LkASr
10:53 Feudal Age
15:31 Castle Age
14:14 Double-Bit Axe
15:52 Stone Mining
18:19 Horse Collar
19:23 Bow Saw
22:59 Heavy Plow
25:04 Wheelbarrow
24:18 Loom
25:06 Fletching
27:37 Stone Shaft Mining
28:11 Gold Mining
29:18 Eupseong
29:32 Bodkin Arrow
30:45 Gold Shaft Mining
33:42 Imperial Age
33:55 Murder Holes
34:27 Bracer
facker
11:47 Feudal Age
15:36 Castle Age
13:27 Double-Bit Axe
14:05 Horse Collar
16:44 Heavy Plow
17:00 Bow Saw
17:05 Loom
23:55 Wheelbarrow
29:06 Wheelbarrow
dipsh*t
9:03 Loom
11:09 Feudal Age
15:44 Castle Age
15:02 Double-Bit Axe
15:02 Horse Collar
16:02 Bloodlines
19:05 Husbandry
21:00 Scale Mail Armor
23:15 Gold Mining
27:45 Wheelbarrow
27:27 Bow Saw
28:00 Forging
32:29 Iron Casting
32:10 Chain Mail Armor
31:59 Padded Archer Armor
31:50 Fletching
32:00 Padded Archer Armor
31:50 Fletching
Connection lost

Rejoining the realm…

Still unreachable

The connection could not be restored.

Session expired

The server has moved on; the page needs a fresh start.